[ AOE2 MATCH · #460111642 ]
Team RMChinese vs Bohemians
[ REPLAY ANALYSIS · EXTRACTED FROM THE RECORDED GAME ]
Feudal
10:44
Castle
21:19
Imperial
36:00
| APM avg | 25.2 |
| APM peak | 56 |
| eAPM avg | 12.3 |
| Villagers / military | 115 / 92 |
Focus
⚔️ 27.3% · 🌾 72.7%
Archer ×53 · Iron Pagoda ×24 · Chu Ko Nu ×10 · Monk ×3 · Trebuchet (Packed) ×2
Feudal
11:03
Castle
15:27
Imperial
31:10
| APM avg | 21.8 |
| APM peak | 42 |
| eAPM avg | 12.3 |
| Villagers / military | 112 / 211 |
Focus
⚔️ 23.6% · 🌾 76.4%
Archer ×100 · Spearman ×75 · Bombard Cannon ×14 · Hussite Wagon ×12 · Skirmisher ×10
Feudal
12:57
Castle
17:17
Imperial
35:04
| APM avg | 31.5 |
| APM peak | 85 |
| eAPM avg | 18.0 |
| Villagers / military | 100 / 138 |
Focus
⚔️ 36.2% · 🌾 63.8%
Knight ×87 · Hand Cannoneer ×41 · Trade Cart ×4 · Cavalry Archer ×4 · Monk ×3 · Trebuchet (Packed) ×3
Feudal
10:58
Castle
20:58
Imperial
38:10
| APM avg | 8.3 |
| APM peak | 23 |
| eAPM avg | 7.1 |
| Villagers / military | 126 / 151 |
Focus
⚔️ 21.4% · 🌾 78.6%
Knight ×146 · Trebuchet (Packed) ×5
Feudal
11:19
Castle
15:17
Imperial
37:04
| APM avg | 21.3 |
| APM peak | 67 |
| eAPM avg | 12.2 |
| Villagers / military | 85 / 94 |
Focus
⚔️ 28.8% · 🌾 71.2%
Knight ×84 · Scout Cavalry ×9 · Trebuchet (Packed) ×1
Feudal
—
Castle
—
Imperial
—
| APM avg | 26.2 |
| APM peak | 80 |
| eAPM avg | 19.6 |
| Villagers / military | 112 / 262 |
Focus
⚔️ 46.7% · 🌾 53.3%
Spearman ×167 · Scout Cavalry ×53 · Conquistador ×23 · Bombard Cannon ×14 · Trebuchet (Packed) ×4 · Monk ×1
Match map
Initial resources + every placement click. Lines = walls · curves = elevation contours. ◆ gold · ⬟ stone · ● berries · ✦ relic · ◌ wall gap
Inputs per minute
— v1kt0r1an0 - - Aphelink
Build order — v1kt0r1an0
First 150 of 292 actions detected
| 0:08 | Research | Loom |
| 1:11 | Create | Villager (Male) |
| 1:11 | Create | Villager (Male) |
| 1:32 | Create | Villager (Male) |
| 1:32 | Create | Villager (Male) |
| 1:58 | Create | Villager (Male) |
| 1:58 | Create | Villager (Male) |
| 2:10 | Create | Villager (Male) |
| 2:33 | Create | Villager (Male) |
| 2:33 | Create | Villager (Male) |
| 2:56 | Build | Lumber Camp |
| 3:05 | Create | Villager (Male) |
| 3:05 | Create | Villager (Male) |
| 3:28 | Create | Villager (Male) |
| 4:01 | Create | Villager (Male) |
| 4:02 | Create | Villager (Male) |
| 4:02 | Create | Villager (Male) |
| 4:13 | Build | House |
| 4:15 | Build | House |
| 5:46 | Create | Villager (Male) |
| 6:08 | Create | Villager (Male) |
| 6:08 | Create | Villager (Male) |
| 6:09 | Create | Villager (Male) |
| 6:15 | Build | Mill |
| 7:24 | Create | Villager (Male) |
| 7:24 | Create | Villager (Male) |
| 7:59 | Build | Mining Camp |
| 8:29 | Build | Mining Camp |
| 8:34 | Research | Feudal Age |
| 8:49 | Build | House |
| 8:50 | Build | House |
| 8:51 | Build | House |
| 8:52 | Build | House |
| 8:53 | Build | House |
| 8:54 | Build | House |
| 8:57 | Build | House |
| 9:09 | Build | Lumber Camp |
| 9:26 | Create | Villager (Male) |
| 9:26 | Create | Villager (Male) |
| 9:27 | Create | Villager (Male) |
| 9:58 | Create | Villager (Male) |
| 10:44 | Age | Feudal Age |
| 10:47 | Research | Double-Bit Axe |
| 11:09 | Build | Blacksmith |
| 11:17 | Build | Barracks |
| 11:24 | Build | House |
| 11:26 | Build | House |
| 11:27 | Build | House |
| 11:28 | Build | House |
| 11:29 | Build | House |
| 12:01 | Build | Market |
| 12:12 | Create | Villager (Male) |
| 12:12 | Create | Villager (Male) |
| 12:13 | Create | Villager (Male) |
| 12:48 | Build | Archery Range |
| 12:53 | Build | Archery Range |
| 13:03 | Create | Villager (Male) |
| 13:08 | Build | Farm |
| 13:09 | Build | Farm |
| 13:26 | Build | Farm |
| 13:30 | Build | Farm |
| 13:41 | Build | House |
| 13:43 | Build | House |
| 13:47 | Build | House |
| 13:58 | Build | House |
| 14:00 | Build | House |
| 14:04 | Create | Villager (Male) |
| 14:04 | Create | Villager (Male) |
| 14:04 | Create | Villager (Male) |
| 14:13 | Build | Farm |
| 14:14 | Build | Farm |
| 14:23 | Build | Farm |
| 14:53 | Research | Town Watch |
| 14:57 | Research | Town Watch |
| 15:02 | Create | Villager (Male) |
| 15:02 | Create | Villager (Male) |
| 15:15 | Build | Stable |
| 15:53 | Build | House |
| 15:55 | Build | House |
| 15:57 | Build | House |
| 15:58 | Build | House |
| 16:03 | Build | House |
| 16:04 | Build | House |
| 16:06 | Build | House |
| 16:08 | Build | House |
| 16:09 | Build | House |
| 16:10 | Build | House |
| 16:11 | Build | House |
| 16:15 | Build | House |
| 16:31 | Build | Barracks |
| 16:34 | Create | Villager (Male) |
| 16:34 | Create | Villager (Male) |
| 16:35 | Create | Villager (Male) |
| 16:35 | Create | Villager (Male) |
| 16:52 | Build | Farm |
| 16:53 | Build | Farm |
| 16:55 | Build | Farm |
| 16:59 | Build | Farm |
| 17:04 | Build | Farm |
| 17:31 | Build | Farm |
| 17:48 | Build | Farm |
| 17:51 | Build | Farm |
| 17:55 | Build | Farm |
| 18:00 | Create | Villager (Male) |
| 18:24 | Research | Castle Age |
| 19:14 | Create | Villager (Male) |
| 19:15 | Create | Villager (Male) |
| 19:15 | Create | Villager (Male) |
| 19:15 | Create | Villager (Male) |
| 19:23 | Research | Horse Collar |
| 19:30 | Build | Farm |
| 19:31 | Build | Farm |
| 19:33 | Build | Farm |
| 20:40 | Research | Gold Mining |
| 20:42 | Research | Stone Mining |
| 21:19 | Age | Castle Age |
| 21:22 | Build | Town Center |
| 21:29 | Build | Town Center |
| 21:34 | Research | Wheelbarrow |
| 21:49 | Build | Farm |
| 21:54 | Research | Town Patrol |
| 22:12 | Build | Monastery |
| 22:20 | Create | Villager (Male) |
| 22:20 | Create | Villager (Male) |
| 22:24 | Create | Villager (Male) |
| 22:24 | Create | Villager (Male) |
| 22:25 | Create | Villager (Male) |
| 22:59 | Create | Monk |
| 23:02 | Create | Monk |
| 23:09 | Research | Crossbowman (upgrade) |
| 23:22 | Research | Heavy Plow |
| 23:24 | Research | Bow Saw |
| 23:27 | Build | Lumber Camp |
| 23:31 | Create | Villager (Male) |
| 23:34 | Build | Farm |
| 23:36 | Build | Farm |
| 23:56 | Build | Lumber Camp |
| 24:00 | Create | Villager (Male) |
| 24:00 | Create | Villager (Male) |
| 24:01 | Create | Villager (Male) |
| 24:09 | Create | Villager (Male) |
| 24:09 | Create | Villager (Male) |
| 24:11 | Create | Villager (Male) |
| 24:12 | Create | Villager (Male) |
| 24:14 | Build | Farm |
| 24:15 | Build | Farm |
| 24:30 | Create | Villager (Male) |
| 24:31 | Create | Villager (Male) |
| 24:36 | Create | Villager (Male) |
| 24:44 | Build | Farm |
Build order — Aphelink
First 150 of 295 actions detected
| 0:01 | Create | Villager (Male) |
| 0:01 | Create | Villager (Male) |
| 0:01 | Create | Villager (Male) |
| 0:02 | Build | House |
| 0:04 | Build | House |
| 0:47 | Create | Villager (Male) |
| 1:31 | Create | Villager (Male) |
| 1:47 | Build | Lumber Camp |
| 1:59 | Create | Villager (Male) |
| 2:29 | Create | Villager (Male) |
| 2:47 | Create | Villager (Male) |
| 3:01 | Create | Villager (Male) |
| 3:09 | Build | House |
| 3:34 | Create | Villager (Male) |
| 3:58 | Build | Mill |
| 4:07 | Create | Villager (Male) |
| 4:26 | Build | House |
| 4:31 | Create | Villager (Male) |
| 4:32 | Create | Villager (Male) |
| 5:33 | Create | Villager (Male) |
| 5:33 | Create | Villager (Male) |
| 5:58 | Create | Villager (Male) |
| 6:47 | Create | Villager (Male) |
| 7:01 | Create | Villager (Male) |
| 7:27 | Create | Villager (Male) |
| 7:57 | Create | Villager (Male) |
| 8:13 | Create | Villager (Male) |
| 8:28 | Research | Feudal Age |
| 9:31 | Build | Mining Camp |
| 9:36 | Create | Villager (Male) |
| 10:16 | Build | House |
| 10:17 | Build | House |
| 10:56 | Create | Villager (Male) |
| 10:57 | Create | Villager (Male) |
| 10:58 | Create | Villager (Male) |
| 11:03 | Age | Feudal Age |
| 11:04 | Research | Double-Bit Axe |
| 11:19 | Build | Market |
| 11:25 | Build | Blacksmith |
| 11:56 | Build | Farm |
| 11:57 | Build | Farm |
| 11:58 | Build | Farm |
| 11:59 | Build | Farm |
| 12:18 | Research | Loom |
| 12:23 | Build | Farm |
| 12:24 | Build | Farm |
| 12:26 | Build | Farm |
| 12:47 | Research | Castle Age |
| 12:54 | Build | Farm |
| 13:20 | Research | Horse Collar |
| 14:08 | Build | Farm |
| 14:09 | Build | Farm |
| 14:46 | Build | Farm |
| 14:53 | Create | Villager (Male) |
| 14:53 | Create | Villager (Male) |
| 14:54 | Create | Villager (Male) |
| 15:27 | Age | Castle Age |
| 15:39 | Build | Town Center |
| 15:46 | Create | Villager (Male) |
| 15:48 | Research | Bow Saw |
| 15:54 | Research | Heavy Plow |
| 15:56 | Create | Villager (Male) |
| 16:04 | Create | Villager (Male) |
| 16:40 | Create | Villager (Male) |
| 16:40 | Create | Villager (Male) |
| 16:40 | Create | Villager (Male) |
| 16:48 | Build | Town Center |
| 17:01 | Create | Villager (Male) |
| 17:32 | Build | House |
| 17:34 | Build | House |
| 17:34 | Build | House |
| 17:35 | Build | House |
| 17:36 | Build | House |
| 17:37 | Build | House |
| 17:43 | Create | Villager (Male) |
| 17:44 | Create | Villager (Male) |
| 18:00 | Create | Villager (Male) |
| 18:00 | Create | Villager (Male) |
| 18:00 | Create | Villager (Male) |
| 18:15 | Build | Farm |
| 18:25 | Create | Villager (Male) |
| 18:25 | Create | Villager (Male) |
| 18:26 | Create | Villager (Male) |
| 18:34 | Build | Farm |
| 18:36 | Create | Villager (Male) |
| 18:45 | Build | Farm |
| 18:47 | Build | Farm |
| 18:48 | Build | Farm |
| 18:49 | Build | Farm |
| 19:00 | Build | Farm |
| 19:01 | Create | Villager (Male) |
| 19:02 | Create | Villager (Male) |
| 19:14 | Build | Farm |
| 19:15 | Build | Farm |
| 19:17 | Build | Farm |
| 19:18 | Build | Farm |
| 19:20 | Build | Farm |
| 19:25 | Build | Farm |
| 19:27 | Create | Villager (Male) |
| 19:27 | Create | Villager (Male) |
| 19:32 | Create | Villager (Male) |
| 19:41 | Create | Villager (Male) |
| 19:46 | Build | Mining Camp |
| 19:50 | Create | Villager (Male) |
| 19:54 | Create | Villager (Male) |
| 20:03 | Create | Villager (Male) |
| 20:14 | Create | Villager (Male) |
| 20:17 | Create | Villager (Male) |
| 20:35 | Build | Barracks |
| 20:39 | Create | Villager (Male) |
| 20:40 | Create | Villager (Male) |
| 20:54 | Create | Villager (Male) |
| 20:55 | Create | Villager (Male) |
| 20:56 | Create | Villager (Male) |
| 21:11 | Create | Villager (Male) |
| 21:11 | Create | Villager (Male) |
| 21:14 | Create | Villager (Male) |
| 21:31 | Create | Villager (Male) |
| 21:32 | Create | Villager (Male) |
| 21:33 | Create | Villager (Male) |
| 21:38 | Build | Archery Range |
| 21:48 | Research | Wheelbarrow |
| 21:50 | Create | Villager (Male) |
| 21:51 | Create | Villager (Male) |
| 21:56 | Build | Farm |
| 22:02 | Create | Villager (Male) |
| 22:11 | Build | Mining Camp |
| 22:23 | Research | Pikeman (upgrade) |
| 22:33 | Create | Villager (Male) |
| 22:34 | Create | Villager (Male) |
| 22:43 | Build | Farm |
| 22:44 | Build | Farm |
| 22:56 | Create | Villager (Male) |
| 22:57 | Create | Villager (Male) |
| 22:59 | Research | Town Watch |
| 22:59 | Create | Villager (Male) |
| 23:09 | Research | Squires |
| 23:15 | Create | Villager (Male) |
| 23:32 | Create | Villager (Male) |
| 23:33 | Create | Villager (Male) |
| 23:43 | Create | Villager (Male) |
| 23:49 | Create | Villager (Male) |
| 24:00 | Research | Hand Cart |
| 24:00 | Research | Hand Cart |
| 24:05 | Build | House |
| 24:06 | Build | House |
| 24:07 | Build | House |
| 24:08 | Build | House |
| 24:09 | Build | House |
| 24:11 | Build | House |
Build order — Hombre Chasco
First 150 of 380 actions detected
| 0:01 | Create | Villager (Male) |
| 0:01 | Create | Villager (Male) |
| 0:01 | Create | Villager (Male) |
| 0:03 | Build | House |
| 0:06 | Build | House |
| 1:03 | Create | Villager (Male) |
| 1:27 | Create | Villager (Male) |
| 1:59 | Create | Villager (Male) |
| 2:28 | Create | Villager (Male) |
| 2:51 | Build | Lumber Camp |
| 2:59 | Create | Villager (Male) |
| 3:25 | Create | Villager (Male) |
| 3:46 | Build | House |
| 3:47 | Build | House |
| 3:55 | Create | Villager (Male) |
| 4:15 | Create | Villager (Male) |
| 4:15 | Create | Villager (Male) |
| 4:41 | Create | Villager (Male) |
| 5:01 | Create | Villager (Male) |
| 5:17 | Research | Double-Bit Axe |
| 5:49 | Create | Villager (Male) |
| 5:49 | Create | Villager (Male) |
| 6:35 | Build | Mill |
| 6:36 | Create | Villager (Male) |
| 6:37 | Create | Villager (Male) |
| 7:10 | Create | Villager (Male) |
| 7:28 | Create | Villager (Male) |
| 7:29 | Create | Villager (Male) |
| 7:29 | Create | Villager (Male) |
| 8:04 | Build | Mill |
| 8:07 | Create | Villager (Male) |
| 9:04 | Research | Wheelbarrow |
| 9:21 | Build | Mill |
| 9:38 | Build | Mining Camp |
| 10:18 | Research | Feudal Age |
| 10:33 | Build | House |
| 10:34 | Build | House |
| 10:38 | Build | Barracks |
| 11:06 | Create | Villager (Male) |
| 11:06 | Create | Villager (Male) |
| 11:46 | Create | Villager (Male) |
| 11:47 | Create | Villager (Male) |
| 12:45 | Research | Horse Collar |
| 12:50 | Build | Farm |
| 12:51 | Build | Farm |
| 12:57 | Age | Feudal Age |
| 13:09 | Build | Stable |
| 13:15 | Build | Blacksmith |
| 13:18 | Create | Villager (Male) |
| 13:50 | Build | Mining Camp |
| 14:13 | Research | Castle Age |
| 14:18 | Build | House |
| 14:19 | Build | House |
| 14:40 | Research | Bow Saw |
| 15:18 | Research | Gold Mining |
| 15:27 | Build | House |
| 15:59 | Build | Stable |
| 16:17 | Research | Heavy Plow |
| 16:30 | Create | Villager (Male) |
| 16:30 | Create | Villager (Male) |
| 16:31 | Create | Villager (Male) |
| 17:17 | Age | Castle Age |
| 17:29 | Build | Town Center |
| 17:51 | Create | Villager (Male) |
| 18:02 | Research | Gold Shaft Mining |
| 18:11 | Build | Farm |
| 18:18 | Create | Villager (Male) |
| 18:34 | Build | Farm |
| 18:35 | Build | Farm |
| 18:55 | Create | Villager (Male) |
| 18:56 | Create | Villager (Male) |
| 19:03 | Build | Farm |
| 19:15 | Create | Villager (Male) |
| 19:45 | Create | Villager (Male) |
| 19:48 | Create | Villager (Male) |
| 19:51 | Build | Farm |
| 20:11 | Create | Villager (Male) |
| 20:17 | Build | Farm |
| 20:36 | Create | Knight |
| 20:38 | Create | Knight |
| 20:48 | Build | Farm |
| 20:57 | Create | Knight |
| 21:05 | Build | Farm |
| 21:15 | Build | Farm |
| 21:20 | Build | Farm |
| 21:22 | Build | Farm |
| 21:23 | Build | Farm |
| 21:25 | Build | Farm |
| 21:30 | Research | Cavalier (upgrade) |
| 21:45 | Create | Villager (Male) |
| 21:57 | Build | Town Center |
| 22:06 | Research | Husbandry |
| 22:29 | Build | Farm |
| 22:30 | Create | Villager (Male) |
| 22:31 | Create | Villager (Male) |
| 22:38 | Build | Farm |
| 22:42 | Create | Villager (Male) |
| 22:50 | Create | Villager (Male) |
| 23:18 | Build | Farm |
| 23:19 | Create | Villager (Male) |
| 23:19 | Create | Villager (Male) |
| 23:21 | Create | Villager (Male) |
| 23:31 | Build | Farm |
| 23:32 | Build | Farm |
| 23:37 | Build | Farm |
| 23:39 | Create | Villager (Male) |
| 23:39 | Create | Villager (Male) |
| 23:45 | Build | Farm |
| 24:09 | Build | House |
| 24:10 | Build | House |
| 24:13 | Build | House |
| 24:15 | Research | Forging |
| 24:16 | Research | Fletching |
| 24:20 | Create | Knight |
| 24:27 | Build | Monastery |
| 24:32 | Build | University |
| 24:34 | Create | Villager (Male) |
| 24:34 | Create | Villager (Male) |
| 24:39 | Create | Villager (Male) |
| 24:44 | Create | Villager (Male) |
| 24:52 | Build | Farm |
| 24:59 | Build | Farm |
| 25:02 | Create | Villager (Male) |
| 25:02 | Create | Villager (Male) |
| 25:03 | Create | Villager (Male) |
| 25:18 | Build | Farm |
| 25:26 | Create | Villager (Male) |
| 25:30 | Create | Villager (Male) |
| 25:30 | Create | Villager (Male) |
| 25:31 | Create | Villager (Male) |
| 25:37 | Build | Farm |
| 25:40 | Build | Farm |
| 26:13 | Build | Farm |
| 26:20 | Build | Mining Camp |
| 26:21 | Create | Villager (Male) |
| 26:22 | Create | Villager (Male) |
| 26:28 | Build | Market |
| 26:33 | Create | Monk |
| 26:33 | Research | Fervor |
| 26:33 | Create | Monk |
| 26:34 | Create | Monk |
| 26:40 | Create | Villager (Male) |
| 26:40 | Create | Villager (Male) |
| 26:40 | Create | Villager (Male) |
| 26:41 | Create | Villager (Male) |
| 26:43 | Build | Farm |
| 26:50 | Create | Villager (Male) |
| 26:50 | Create | Villager (Male) |
| 27:13 | Build | Stable |
| 27:14 | Build | Stable |
Build order — GreatCAHEK
First 150 of 236 actions detected
| 0:09 | Research | Loom |
| 0:11 | Create | Villager (Male) ×4 |
| 0:21 | Build | House |
| 0:22 | Build | House |
| 0:24 | Build | House |
| 0:25 | Build | House |
| 1:59 | Create | Villager (Male) |
| 2:31 | Build | Mill |
| 2:58 | Create | Villager (Male) |
| 3:02 | Create | Villager (Male) |
| 3:41 | Create | Villager (Male) |
| 3:53 | Create | Villager (Male) |
| 4:07 | Create | Villager (Male) |
| 4:48 | Create | Villager (Male) |
| 4:48 | Create | Villager (Male) |
| 5:19 | Create | Villager (Male) |
| 5:20 | Create | Villager (Male) |
| 5:20 | Create | Villager (Male) |
| 5:52 | Create | Villager (Male) |
| 6:10 | Create | Villager (Male) |
| 7:29 | Create | Villager (Male) |
| 7:44 | Build | Lumber Camp |
| 7:51 | Create | Villager (Male) |
| 7:57 | Create | Villager (Male) |
| 8:33 | Research | Feudal Age |
| 8:54 | Build | House |
| 8:56 | Build | House |
| 8:58 | Build | House |
| 9:00 | Build | House |
| 9:02 | Build | House |
| 10:11 | Build | Mining Camp |
| 10:22 | Create | Villager (Male) ×5 |
| 10:47 | Build | House |
| 10:48 | Build | House |
| 10:56 | Build | Farm |
| 10:58 | Age | Feudal Age |
| 11:01 | Build | Farm |
| 11:06 | Build | Farm |
| 11:18 | Build | Farm |
| 11:37 | Build | Farm |
| 11:52 | Research | Double-Bit Axe |
| 12:31 | Build | Farm |
| 12:43 | Build | Farm |
| 12:51 | Build | Mining Camp |
| 13:02 | Create | Villager (Male) ×5 |
| 13:12 | Build | House |
| 13:14 | Build | House |
| 13:25 | Build | House |
| 13:28 | Build | House |
| 13:32 | Build | House |
| 13:38 | Build | House |
| 13:45 | Create | Villager (Male) ×5 |
| 13:58 | Build | Farm |
| 14:22 | Build | Farm |
| 14:50 | Build | Farm |
| 15:17 | Build | Farm |
| 15:40 | Build | Farm |
| 15:56 | Build | Blacksmith |
| 16:07 | Build | Market |
| 16:16 | Create | Villager (Male) |
| 16:36 | Build | Mill |
| 17:34 | Build | Farm |
| 17:43 | Create | Villager (Male) |
| 17:47 | Build | Farm |
| 17:55 | Build | House |
| 17:57 | Build | House |
| 17:59 | Build | House |
| 18:02 | Build | House |
| 18:04 | Build | House |
| 18:18 | Research | Castle Age |
| 18:24 | Build | Farm |
| 18:35 | Research | Stone Mining |
| 18:44 | Research | Gold Mining |
| 19:23 | Create | Villager (Male) ×5 |
| 20:11 | Research | Scale Barding Armor |
| 20:13 | Research | Scale Mail Armor |
| 20:58 | Age | Castle Age |
| 21:16 | Build | Town Center |
| 21:54 | Build | Town Center |
| 22:14 | Create | Villager (Male) |
| 22:14 | Create | Villager (Male) |
| 22:43 | Build | Town Center |
| 23:03 | Build | Farm |
| 23:05 | Build | Farm |
| 23:08 | Build | Farm |
| 23:18 | Build | Farm |
| 23:22 | Create | Villager (Male) ×5 |
| 23:30 | Create | Villager (Male) ×5 |
| 23:37 | Research | Gold Shaft Mining |
| 23:41 | Research | Forging |
| 23:54 | Build | House |
| 23:56 | Build | House |
| 23:58 | Build | House |
| 23:59 | Build | House |
| 24:01 | Build | House |
| 24:03 | Build | House |
| 24:04 | Build | House |
| 24:06 | Build | House |
| 24:19 | Create | Villager (Male) ×5 |
| 24:24 | Research | Wheelbarrow |
| 24:25 | Research | Town Watch |
| 24:26 | Create | Villager (Male) ×3 |
| 24:54 | Research | Bow Saw |
| 25:08 | Create | Villager (Male) ×2 |
| 25:14 | Build | Farm |
| 25:18 | Build | Farm |
| 25:22 | Build | Farm |
| 26:10 | Research | Hand Cart |
| 26:18 | Create | Villager (Male) |
| 26:18 | Create | Villager (Male) |
| 26:52 | Build | Barracks |
| 27:35 | Create | Villager (Male) |
| 27:35 | Create | Villager (Male) |
| 27:35 | Create | Villager (Male) |
| 27:37 | Create | Villager (Male) |
| 27:49 | Build | Lumber Camp |
| 27:54 | Create | Villager (Male) |
| 27:59 | Research | Town Patrol |
| 28:02 | Create | Villager (Male) ×5 |
| 28:06 | Create | Villager (Male) ×2 |
| 28:22 | Build | Stable |
| 28:24 | Build | Stable |
| 28:26 | Build | Stable |
| 28:28 | Build | Stable |
| 28:35 | Build | Stable |
| 28:50 | Create | Villager (Male) |
| 28:51 | Create | Villager (Male) |
| 28:52 | Create | Villager (Male) |
| 28:53 | Create | Villager (Male) |
| 28:56 | Create | Villager (Male) ×5 |
| 29:01 | Build | Farm |
| 29:05 | Build | Farm |
| 29:09 | Build | Farm |
| 29:14 | Build | Farm |
| 29:20 | Build | Farm |
| 29:30 | Build | Farm |
| 29:37 | Build | Farm |
| 29:44 | Build | Farm |
| 29:56 | Create | Villager (Male) |
| 29:56 | Create | Villager (Male) |
| 29:56 | Create | Villager (Male) |
| 30:00 | Create | Villager (Male) |
| 30:01 | Create | Villager (Male) |
| 30:01 | Create | Villager (Male) |
| 30:08 | Build | Farm |
| 30:12 | Build | Farm |
| 30:14 | Build | Farm |
| 30:18 | Build | Farm |
| 30:22 | Build | Farm |
| 30:27 | Build | Farm |
Build order — LaPolitziaaa
First 150 of 290 actions detected
| 0:01 | Create | Villager (Male) |
| 0:02 | Create | Villager (Male) |
| 0:02 | Create | Villager (Male) |
| 0:02 | Create | Villager (Male) |
| 0:02 | Create | Villager (Male) |
| 0:04 | Build | House |
| 0:07 | Build | House |
| 1:45 | Create | Villager (Male) |
| 1:45 | Create | Villager (Male) |
| 1:50 | Build | Lumber Camp |
| 2:04 | Create | Villager (Male) |
| 2:27 | Create | Villager (Male) |
| 2:54 | Create | Villager (Male) |
| 3:19 | Create | Villager (Male) |
| 3:30 | Build | House |
| 3:48 | Create | Villager (Male) |
| 4:00 | Build | House |
| 4:28 | Build | Mill |
| 4:42 | Create | Villager (Male) |
| 5:27 | Create | Villager (Male) |
| 5:27 | Create | Villager (Male) |
| 5:57 | Build | Mill |
| 6:10 | Create | Villager (Male) |
| 6:51 | Create | Villager (Male) |
| 6:52 | Create | Villager (Male) |
| 6:52 | Create | Villager (Male) |
| 6:52 | Create | Villager (Male) |
| 6:52 | Create | Villager (Male) |
| 6:53 | Create | Villager (Male) |
| 9:05 | Research | Loom |
| 9:09 | Research | Feudal Age |
| 9:09 | Research | Loom |
| 10:21 | Build | Barracks |
| 10:34 | Build | House |
| 10:36 | Build | House |
| 11:19 | Age | Feudal Age |
| 11:30 | Build | Blacksmith |
| 11:37 | Create | Villager (Male) |
| 11:39 | Create | Villager (Male) |
| 12:00 | Build | Market |
| 12:16 | Create | Villager (Male) |
| 12:35 | Research | Castle Age |
| 12:49 | Build | Mining Camp |
| 13:09 | Create | Villager (Male) |
| 13:24 | Research | Stone Mining |
| 14:18 | Research | Double-Bit Axe |
| 15:05 | Build | Farm |
| 15:06 | Build | Farm |
| 15:10 | Build | Farm |
| 15:11 | Build | Farm |
| 15:13 | Build | Farm |
| 15:17 | Age | Castle Age |
| 15:42 | Build | Stable |
| 16:05 | Create | Villager (Male) |
| 16:37 | Build | Farm |
| 16:39 | Create | Villager (Male) |
| 16:54 | Build | Stable |
| 17:02 | Create | Villager (Male) |
| 17:10 | Build | Farm |
| 17:25 | Create | Villager (Male) |
| 17:39 | Build | Farm |
| 17:57 | Create | Scout Cavalry |
| 18:06 | Build | Farm |
| 18:16 | Create | Villager (Male) |
| 18:47 | Create | Scout Cavalry |
| 18:47 | Create | Scout Cavalry |
| 18:54 | Build | Farm |
| 18:59 | Create | Villager (Male) |
| 19:18 | Create | Villager (Male) |
| 19:44 | Build | Farm |
| 19:45 | Create | Villager (Male) |
| 19:46 | Create | Villager (Male) |
| 20:08 | Build | Farm |
| 20:09 | Create | Villager (Male) |
| 20:39 | Build | Castle |
| 20:45 | Create | Scout Cavalry |
| 20:46 | Create | Scout Cavalry |
| 20:58 | Build | Farm |
| 20:59 | Build | Farm |
| 21:03 | Create | Villager (Male) |
| 21:03 | Create | Villager (Male) |
| 21:20 | Build | House |
| 21:21 | Build | House |
| 21:22 | Build | House |
| 21:23 | Build | House |
| 21:24 | Build | House |
| 21:24 | Build | House |
| 21:42 | Research | Husbandry |
| 22:07 | Build | Watch Tower |
| 22:21 | Build | Stable |
| 22:22 | Build | Stable |
| 23:23 | Build | Farm |
| 23:25 | Build | Farm |
| 23:27 | Build | Farm |
| 23:29 | Create | Villager (Male) |
| 23:29 | Create | Villager (Male) |
| 23:31 | Create | Villager (Male) |
| 23:31 | Create | Villager (Male) |
| 23:32 | Create | Villager (Male) |
| 24:04 | Create | Scout Cavalry |
| 24:04 | Create | Scout Cavalry |
| 24:05 | Create | Scout Cavalry |
| 24:14 | Build | Stable |
| 24:18 | Create | Villager (Male) |
| 24:25 | Build | House |
| 24:26 | Build | House |
| 24:27 | Build | House |
| 24:28 | Build | House |
| 24:29 | Build | House |
| 24:31 | Build | House |
| 24:42 | Create | Villager (Male) |
| 24:42 | Create | Villager (Male) |
| 24:42 | Create | Villager (Male) |
| 24:52 | Build | Mining Camp |
| 25:12 | Build | Stable |
| 25:25 | Create | Scout Cavalry |
| 25:29 | Create | Villager (Male) |
| 26:21 | Research | Gold Mining |
| 26:37 | Create | Villager (Male) |
| 26:50 | Research | Bow Saw |
| 27:08 | Create | Knight |
| 27:17 | Build | Stable |
| 27:25 | Create | Villager (Male) |
| 27:32 | Research | Gold Shaft Mining |
| 27:46 | Create | Villager (Male) |
| 27:47 | Create | Villager (Male) |
| 28:40 | Build | Stable |
| 28:56 | Create | Villager (Male) |
| 29:33 | Build | House |
| 29:33 | Build | House |
| 29:34 | Build | House |
| 29:34 | Build | House |
| 29:35 | Build | House |
| 29:36 | Build | House |
| 29:36 | Build | House |
| 29:47 | Build | Town Center |
| 29:55 | Create | Villager (Male) |
| 29:55 | Create | Villager (Male) |
| 29:56 | Create | Villager (Male) |
| 29:56 | Create | Villager (Male) |
| 29:57 | Create | Villager (Male) |
| 29:57 | Create | Villager (Male) |
| 30:17 | Research | Forging |
| 30:58 | Build | Siege Workshop |
| 31:25 | Build | Town Center |
| 31:30 | Create | Villager (Male) |
| 31:30 | Create | Villager (Male) |
| 31:31 | Create | Villager (Male) |
| 31:31 | Create | Villager (Male) |
| 31:31 | Create | Villager (Male) |
Build order — Domination12344
First 150 of 541 actions detected
| 0:03 | Build | House |
| 0:05 | Build | House |
| 0:07 | Build | House |
| 0:07 | Create | Villager (Male) |
| 0:08 | Create | Villager (Male) |
| 0:08 | Create | Villager (Male) |
| 0:08 | Create | Villager (Male) |
| 0:08 | Create | Villager (Male) |
| 1:33 | Create | Villager (Male) |
| 1:33 | Create | Villager (Male) |
| 1:34 | Create | Villager (Male) |
| 1:53 | Build | Lumber Camp |
| 2:09 | Create | Villager (Male) |
| 2:10 | Create | Villager (Male) |
| 2:43 | Create | Villager (Male) |
| 2:43 | Create | Villager (Male) |
| 3:09 | Create | Villager (Male) |
| 3:09 | Create | Villager (Male) |
| 3:09 | Create | Villager (Male) |
| 3:21 | Create | Villager (Male) |
| 3:22 | Create | Villager (Male) |
| 3:51 | Create | Villager (Male) |
| 3:51 | Create | Villager (Male) |
| 3:52 | Create | Villager (Male) |
| 4:14 | Create | Villager (Male) |
| 4:14 | Create | Villager (Male) |
| 4:50 | Create | Villager (Male) |
| 4:50 | Create | Villager (Male) |
| 4:51 | Create | Villager (Male) |
| 4:51 | Create | Villager (Male) |
| 5:05 | Create | Villager (Male) |
| 5:05 | Create | Villager (Male) |
| 5:29 | Create | Villager (Male) |
| 5:30 | Create | Villager (Male) |
| 5:36 | Build | Mill |
| 5:44 | Build | House |
| 6:19 | Build | Mining Camp |
| 6:34 | Create | Villager (Male) |
| 6:35 | Create | Villager (Male) |
| 7:06 | Create | Villager (Male) |
| 7:45 | Build | Mill |
| 8:05 | Create | Villager (Male) |
| 8:47 | Research | Feudal Age |
| 8:53 | Build | Barracks |
| 8:56 | Build | House |
| 8:59 | Create | Villager (Male) |
| 9:00 | Create | Villager (Male) |
| 10:15 | Build | House |
| 10:36 | Create | Villager (Male) |
| 10:37 | Create | Villager (Male) |
| 11:01 | Build | Stable |
| 11:05 | Research | Double-Bit Axe |
| 11:20 | Build | Farm |
| 11:21 | Build | Farm |
| 11:25 | Build | Farm |
| 11:37 | Create | Villager (Male) |
| 11:43 | Build | Farm |
| 11:50 | Build | Blacksmith |
| 12:02 | Research | Horse Collar |
| 12:07 | Build | Lumber Camp |
| 12:10 | Create | Villager (Male) |
| 12:11 | Create | Villager (Male) |
| 12:24 | Build | House |
| 12:40 | Build | Farm |
| 12:53 | Create | Villager (Male) |
| 13:05 | Create | Spearman |
| 13:05 | Create | Spearman |
| 13:37 | Create | Villager (Male) |
| 13:50 | Build | Farm |
| 13:51 | Build | Farm |
| 13:52 | Build | Farm |
| 14:06 | Create | Villager (Male) |
| 14:07 | Create | Villager (Male) |
| 14:24 | Build | Farm |
| 14:29 | Build | Farm |
| 14:30 | Build | Farm |
| 14:30 | Build | Farm |
| 14:59 | Build | House |
| 15:06 | Build | Barracks |
| 15:10 | Create | Villager (Male) |
| 15:10 | Create | Villager (Male) |
| 15:47 | Build | Market |
| 15:57 | Create | Scout Cavalry |
| 15:58 | Create | Scout Cavalry |
| 16:11 | Build | Farm |
| 16:11 | Build | Farm |
| 16:43 | Build | Mining Camp |
| 17:13 | Research | Castle Age |
| 17:41 | Build | Stable |
| 18:12 | Research | Scale Mail Armor |
| 18:18 | Research | Town Watch |
| 18:20 | Create | Villager (Male) |
| 18:20 | Create | Villager (Male) |
| 18:44 | Build | Lumber Camp |
| 19:02 | Build | House |
| 19:25 | Build | Barracks |
| 19:32 | Research | Forging |
| 19:43 | Research | Stone Mining |
| 19:54 | Research | Gold Mining |
| 19:54 | Research | Gold Mining |
| 20:07 | Create | Spearman |
| 20:07 | Create | Spearman |
| 20:07 | Create | Spearman |
| 20:17 | Build | Siege Workshop |
| 20:24 | Create | Villager (Male) |
| 20:24 | Create | Villager (Male) |
| 20:38 | Create | Spearman |
| 20:39 | Create | Spearman |
| 20:39 | Create | Spearman |
| 20:39 | Create | Spearman |
| 21:22 | Build | Castle |
| 21:39 | Research | Fletching |
| 21:48 | Research | Pikeman (upgrade) |
| 21:52 | Create | Spearman |
| 22:05 | Create | Spearman |
| 22:05 | Create | Spearman |
| 22:05 | Create | Spearman |
| 22:13 | Create | Villager (Male) |
| 22:14 | Create | Villager (Male) |
| 22:23 | Build | Town Center |
| 22:32 | Create | Spearman |
| 22:32 | Create | Spearman |
| 22:32 | Create | Spearman |
| 22:32 | Create | Spearman |
| 23:08 | Build | Barracks |
| 23:29 | Create | Villager (Male) |
| 23:29 | Create | Villager (Male) |
| 23:51 | Build | Town Center |
| 24:00 | Build | Farm |
| 24:00 | Build | Farm |
| 24:01 | Build | Farm |
| 24:01 | Build | Farm |
| 24:07 | Create | Villager (Male) |
| 24:07 | Create | Villager (Male) |
| 24:07 | Create | Villager (Male) |
| 24:08 | Create | Villager (Male) |
| 24:08 | Create | Villager (Male) |
| 24:09 | Create | Villager (Male) |
| 24:28 | Create | Villager (Male) |
| 24:29 | Create | Villager (Male) |
| 24:29 | Create | Villager (Male) |
| 24:30 | Create | Villager (Male) |
| 24:31 | Create | Villager (Male) |
| 24:31 | Create | Villager (Male) |
| 25:07 | Build | Farm |
| 25:11 | Research | Heavy Plow |
| 25:22 | Create | Villager (Male) |
| 25:23 | Create | Villager (Male) |
| 25:23 | Create | Villager (Male) |
| 25:23 | Create | Villager (Male) |
Match timeline
| 8:53 | Domination12344 · first_building Barracks |
| 10:21 | LaPolitziaaa · first_building Barracks |
| 10:38 | Hombre Chasco · first_building Barracks |
| 10:44 | v1kt0r1an0 · age_up feudal |
| 10:58 | GreatCAHEK · age_up feudal |
| 11:01 | Domination12344 · first_building Stable |
| 11:03 | Aphelink · age_up feudal |
| 11:17 | v1kt0r1an0 · first_building Barracks |
| 11:19 | LaPolitziaaa · age_up feudal |
| 12:32 | LaPolitziaaa · first_market_sell 100 stone |
| 12:48 | v1kt0r1an0 · first_building Archery Range |
| 12:57 | Hombre Chasco · age_up feudal |
| 13:09 | Hombre Chasco · first_building Stable |
| 15:15 | v1kt0r1an0 · first_building Stable |
| 15:17 | LaPolitziaaa · age_up castle |
| 15:27 | Aphelink · age_up castle |
| 15:42 | LaPolitziaaa · first_building Stable |
| 16:40 | v1kt0r1an0 · first_market_sell 500 wood |
| 17:17 | Hombre Chasco · age_up castle |
| 18:07 | v1kt0r1an0 · first_market_buy 100 food |
| 20:17 | Domination12344 · first_building Siege Workshop |
| 20:35 | Aphelink · first_building Barracks |
| 20:39 | LaPolitziaaa · first_building Castle |
| 20:58 | GreatCAHEK · age_up castle |
| 21:19 | v1kt0r1an0 · age_up castle |
| 21:22 | Domination12344 · first_building Castle |
| 21:38 | Aphelink · first_building Archery Range |
| 22:12 | v1kt0r1an0 · first_building Monastery |
| 23:38 | Domination12344 · first_market_buy 100 wood |
| 24:27 | Hombre Chasco · first_building Monastery |
| 25:50 | LaPolitziaaa · first_market_buy 100 stone |
| 26:08 | Aphelink · first_building Castle |
| 26:10 | Domination12344 · first_building Monastery |
| 26:34 | Aphelink · first_building Monastery |
| 26:52 | GreatCAHEK · first_building Barracks |
| 27:35 | v1kt0r1an0 · first_building Castle |
| 28:22 | Aphelink · first_building Siege Workshop |
| 28:22 | GreatCAHEK · first_building Stable |
| 30:02 | Domination12344 · first_market_sell 100 stone |
| 30:19 | Aphelink · first_market_sell 500 wood |
| 30:58 | LaPolitziaaa · first_building Siege Workshop |
| 31:01 | Hombre Chasco · first_building Castle |
| 31:10 | Aphelink · age_up imperial |
| 31:25 | v1kt0r1an0 · first_building Siege Workshop |
| 31:45 | Hombre Chasco · first_building Archery Range |
| 32:58 | GreatCAHEK · first_building Castle |
| 33:03 | Domination12344 · first_building Archery Range |
| 33:49 | Hombre Chasco · first_market_sell 500 wood |
| 35:04 | Hombre Chasco · age_up imperial |
| 36:00 | v1kt0r1an0 · age_up imperial |
| 37:04 | LaPolitziaaa · age_up imperial |
| 38:10 | GreatCAHEK · age_up imperial |
| 44:42 | GreatCAHEK · first_market_sell 500 wood |
| 47:51 | Aphelink · resign |
| 48:19 | Domination12344 · wall_segment Stone Wall x1 |
[ AI ANALYSIS · 1 CREDIT ]
What really happened in this match?
Wolo.gg analyzes every decision: build order, eco, micro, common mistakes by bracket. Personalized analysis on WhatsApp or Discord in 30 seconds.
Civ guide
Chinese
Map guide
Arena
Perfil
Jugador #5675717